 Dungeon Crawl Stone Soup version 0.31.0-9-g3a7656b989 (webtiles) character file.

Game seed: 15975651720820754503

142 qw the Skirmisher (level 5, 0/29 HPs)
             Began as a Deep Elf Hunter on Feb 2, 2024.
             Slain by a goblin
             ... wielding a +0 club
             ... led by Robin
              (2 damage)
             ... on level 3 of the Dungeon.
             The game lasted 00:00:07 (2083 turns).

qw the Skirmisher (Deep Elf Hunter)                 Turns: 2083, Time: 00:00:07

Health: 0/29       AC:  5    Str: 16    XL:     5   Next: 4%
Magic:  7/7        EV: 11    Int: 14    God:
Gold:   50         SH:  0    Dex: 18    Spells: 4/4 levels left

rFire   . . .        a - +0 shortbow
rCold   . . .        (shield currently unavailable)
rNeg    . . .        e - +0 ring mail
rPois   .            (no helmet)
rElec   .            (no cloak)
rCorr   .            (no gloves)
SInv    .            (no boots)
Will    .....        (no amulet)
Stlth   +            h - +6 ring of strength
HPRegen 0.24/turn    (no ring)
MPRegen 0.10/turn

%: no passive effects
@: no status effects
A: no striking features
a: no special abilities


You were on level 3 of the Dungeon.
You visited 1 branch of the dungeon, and saw 3 of its levels.

You collected 50 gold pieces.


   Skills:
 - Level 1.5 Fighting
 + Level 8.4 Ranged Weapons
 - Level 2.4 Dodging
 - Level 1.2 Stealth


You had 4 spell levels left.
You didn't know any spells.
Your spell library was empty.

Inventory:

Hand Weapons
 a - a +0 shortbow (weapon)
Armour
 e - a +0 ring mail (worn)
Jewellery
 h - a +6 ring of strength (left hand)
Wands
 b - a wand of acid (8)
Scrolls
 f - a scroll of amnesia {unknown}
Potions
 c - a potion of enlightenment
 d - a potion of invisibility {unknown}
 i - a potion of curing

Dungeon Overview and Level Annotations

Branches:
Dungeon (3/15)

Altars:

Shops:
D:2 (

Annotations:
D:3 Robin


Message History

You kill the goblin!
The goblin hits you with a +0 dagger.
A goblin comes into view.
It is wielding a +1 dagger of distortion.
Robin roars a battlecry!
The goblins go into a battle-frenzy!
You shoot an arrow. The arrow hits the goblin.
The goblin is moderately wounded.
The goblin hits you but does no damage. The goblin barely misses you.
You shoot an arrow. The arrow barely misses the goblin.
The arrow hits the hobgoblin but does no damage.
The goblin barely misses you. The goblin hits you but does no damage.
You shoot an arrow. The arrow hits the goblin.
You kill the goblin!
The goblin closely misses you.
You shoot an arrow. The arrow barely misses the hobgoblin.
The hobgoblin closely misses you. The goblin hits you with a +0 dagger.
Robin throws the goblin at you!
You shoot an arrow. The arrow hits the hobgoblin!
You kill the hobgoblin!
The goblin barely misses you. x2
You shoot an arrow. The arrow hits the goblin.
The goblin is heavily wounded.
The goblin barely misses you. The goblin hits you with a +0 dagger.
The goblin closely misses you.
You shoot an arrow. The arrow barely misses the goblin.
The goblin completely misses you. The goblin hits you with a +0 dagger.
The goblin hits you with a +1 dagger of distortion.
Space warps horribly around you!
You shoot an arrow. The arrow hits the goblin.
You kill the goblin!
The goblin hits you with a +0 club. The goblin hits you but does no damage.
You shoot an arrow.
The arrow hits Robin but does no damage.
The goblin hits you with a +0 club. Robin hits you with a +0 dagger.
The goblin closely misses you.
You shoot an arrow. The arrow hits Robin.
Robin is lightly wounded.
The goblin no longer looks unusually strong.
The goblin hits you with a +0 club.
You die...

#.# .# #.# ## .# ##.##
.. #.#.## .### .###.##
... ## ##.### ..# #
##..# ..# ##
##.#.#########g.##.##
.###.##........g@g......
#.#.##############.#####
##.## .. ### ##


You could see Robin and 2 goblins.

Vanquished Creatures
  A bombardier beetle (D:3)
  Natasha (D:3)
  5 adders
  2 dart slugs
  An orc (D:3)
  3 ball pythons
  3 bats
  2 endoplasms (D:2)
  2 giant cockroaches
  5 goblins
  3 hobgoblins
  4 kobolds (D:1)
  3 frilled lizards
  3 rats
38 creatures vanquished.

Notes
Turn   | Place    | Note
-------+----------+-------------------------------------------
     0 | D:1      | qw the Deep Elf Hunter began the quest for the Orb.
     0 | D:1      | Reached XP level 1. HP: 12/12 MP: 3/3
     0 | D:1      | 0 ||| qw: Version: 0.3-a-155-g5e7d8dd
     0 | D:1      | 0 ||| qw: Game counter: 2345
     0 | D:1      | 0 ||| qw: Melee chars always use a shield: true
     0 | D:1      | 0 ||| qw: God list: Okawaru
     0 | D:1      | 0 ||| qw: Allow faded altars: false
     0 | D:1      | 0 ||| qw: Do Orc after clearing Dungeon:15 true
     0 | D:1      | 0 ||| qw: Do second Lair branch before Depths: true
     0 | D:1      | 0 ||| qw: Lair rune preference: random
     0 | D:1      | 0 ||| qw: Goals: Normal
     0 | D:1      | 0 ||| PLANNING D:1-11
   149 | D:1      | You fall into a shaft and drop 1 floor!
   168 | D:2      | Found a faded altar of an unknown god.
   312 | D:2      | Reached skill level 6 in Ranged Weapons
   312 | D:2      | Reached XP level 2. HP: 16/16 MP: 4/4
   465 | D:2      | Reached XP level 3. HP: 20/20 MP: 5/5
   494 | D:2      | Found Mimonk's Antique Weapon Emporium.
   532 | D:2      | 532 ||| SHOPLISTING arbalest (94 gold, have 11).
   563 | D:2      | 563 ||| UPGRADING to +0 scale mail.
   573 | D:2      | 573 ||| DROPPING +0 leather armour.
   574 | D:2      | 574 ||| READING 3 scrolls labelled UJIZER TIGUXT.
   575 | D:2      | 575 ||| DROPPING scroll of butterflies.
   576 | D:2      | 576 ||| DROPPING 2 scrolls of blinking.
   810 | D:1      | HP: 5/20 [kobold/+0 short sword (1)]
   811 | D:1      | Reached skill level 7 in Ranged Weapons
  1270 | D:1      | 1270 ||| UPGRADING to +6 ring of strength.
  1271 | D:1      | 1271 ||| READING scroll labelled JEYWOQ DINUNE.
  1272 | D:1      | 1272 ||| READING 3 scrolls labelled DUCEMA JORU.
  1272 | D:1      | 1272 ||| IDENTIFYING viscous white potion
  1273 | D:1      | 1273 ||| READING 2 scrolls of identify.
  1273 | D:1      | 1273 ||| IDENTIFYING black potion
  1274 | D:1      | 1274 ||| READING scroll of identify.
  1274 | D:1      | 1274 ||| IDENTIFYING scroll labelled XEBIHU ANEGA
  1275 | D:1      | 1275 ||| READING scroll labelled ZAMUET FIFRE.
  1280 | D:1      | 1280 ||| DROPPING potion of brilliance.
  1281 | D:1      | 1281 ||| DROPPING scroll of revelation.
  1697 | D:2      | 1697 ||| UPGRADING to +0 ring mail.
  1707 | D:2      | 1707 ||| DROPPING +0 scale mail.
  1708 | D:2      | 1708 ||| READING scroll labelled HIEVIN NOGEIT.
  1747 | D:2      | 1747 ||| DRINKING 2 metallic golden potions.
  1936 | D:3      | Reached XP level 4. HP: 25/25 MP: 6/6
  1978 | D:3      | Noticed Natasha
  1987 | D:3      | Killed Natasha
  1988 | D:3      | Reached skill level 8 in Ranged Weapons
  2066 | D:3      | Noticed Robin
  2069 | D:3      | Reached XP level 5. HP: 28/29 MP: 7/7
  2081 | D:3      | HP: 6/29 [goblin/+0 club[Robin] (2)]
  2082 | D:3      | HP: 2/29 [Robin/+0 dagger (1)]
  2083 | D:3      | Slain by a goblin

Levels and vault maps discovered:
D:1:      evilmike_arrival_rings, layout_loops_ring
D:2:      layout_basic, shapermc_ecumenical_altar_venn, serial_shops,
          nicolae_shop_advertising_works [nicolae_subvault_shop_adworks],
          interstate_on_off
D:3:      layout_loops_corners, uniq_ijyb, uniq_robin, uniq_natasha

Skill      XL: |  1  2  3  4 |
---------------+-------------+-----
Ranged Weapons | 6 7 8 |  8.4
Fighting       | |  1.5
Dodging        | |  2.4
Stealth        | |  1.2

Action                     |  1- 3 |  4- 6 || total
---------------------------+-------+-------++-------
   Fire: Shortbow          |   111 |    34 ||   145
    Use: Scroll            |     7 |       ||     7
         Potion            |     1 |       ||     1
 Armour: Leather armour    |     4 |       ||     4
         Scale mail        |    21 |       ||    21
         Ring mail         |     7 |    18 ||    25
  Dodge: Dodged            |    30 |    21 ||    51

Table legend:
 A = Non-vault XP
 B = Vault XP
 C = Vault XP percentage of total XP
 D = Non-vault monster count
 E = Vault monster count
 F = Vault count percentage of total count
                 A         B        C        D         E       F
            +---------+---------+-------+---------+---------+-------
      Total |     160 |      44 |  21.6 |      32 |       6 |  15.8
            +---------+---------+-------+---------+---------+-------
        D:1 |      22 |       0 |   0.0 |      13 |       0 |   0.0
        D:2 |      71 |       0 |   0.0 |      13 |       0 |   0.0
        D:3 |      67 |      44 |  39.6 |       6 |       6 |  50.0
            +---------+---------+-------+---------+---------+-------
